 Dungeon Crawl Stone Soup version 0.19-a0-1540-g35a11b8 (webtiles) character file.

268869 TheGoonsmith the Imperceptible (level 19, -6/88 HPs)
             Began as a Spriggan Enchanter on Sept 13, 2016.
             Was an Initiate of Gozag.
             Killed by the air
             ... invoked by Sojobo
              (38 damage)
             ... on level 1 of the Depths on Sept 14, 2016.
             The game lasted 02:50:08 (51013 turns).

TheGoonsmith the Imperceptible (SpEn)              Turns: 51013, Time: 02:50:12

Health: -6/88      AC:  9    Str: 14    XL:     19   Next: 39%
Magic:  36/36      EV: 47    Int: 17    God:    Gozag
Gold:   5125       SH: 11    Dex: 29    Spells: 8 memorised, 10 levels left

rFire  + + .     SeeInvis +     a - +9 short sword (venom)
rCold  + . .     Gourm    .     t - +2 robe {rC+ rF+}
rNeg   + . .     Faith    .     Y - +1 buckler {rF+}
rPois  .         Spirit   .     n - +3 hat of Pondering {ponderous, MR+ MP+10 Int+5}
rElec  +         Dismiss  .     I - +2 cloak
rCorr  .         Reflect  .     (gloves unavailable)
MR     ++++.     Harm     .     (boots unavailable)
Stlth  ++++++++++               k - amulet of Duitet {+Inv Regen+ MP-9 Dex+4 Slay+2}
                                p - ring of the Final Decision {rElec rN+ Str+9 Int-5}
                                c - +6 ring of evasion

@: very quick
A: unfitting armour, talons 1, see invisible, agile 1, deformed body, herbivore
3, speed 3, slow metabolism 2
a: Potion Petition, Call Merchant, Bribe Branch, Renounce Religion, Evoke
Invisibility
}: 2/15 runes: barnacled, gossamer


You were on level 1 of the Depths.
You worshipped Gozag.
Gozag was greatly pleased with you.
You were not hungry.

You visited 9 branches of the dungeon, and saw 39 of its levels.
You also visited: Labyrinth and Ice Cave.

You collected 16086 gold pieces.
You spent 4647 gold pieces at shops.
You paid 6314 gold pieces to Gozag.

Inventory:

Hand Weapons
 a - a +9 short sword of venom (weapon)
 h - a +4 rapier of electrocution
Missiles
 v - 5 throwing nets (quivered)
Armour
 n - the +3 hat of Pondering (worn) {ponderous, MR+ MP+10 Int+5}
   (You took it off Gastronok on level 2 of the Lair of Beasts)

   It affects your intelligence (+5).
   It affects your resistance to hostile enchantments.
   It affects your magic capacity (+10).
 t - a +2 robe of resistance (worn)
 I - a +2 cloak (worn)
 Y - a +1 buckler of fire resistance (worn)
Rods
 b - a +2 rod of clouds (9/9)
   (You bought it in a shop on level 1 of the Lair of Beasts)
Jewellery
 c - a +6 ring of evasion (left hand)
 k - the amulet of Duitet (around neck) {+Inv Regen+ MP-9 Dex+4 Slay+2}
   (You found it on level 4 of the Dungeon)

   [amulet of regeneration]

   It affects your dexterity (+4).
   It affects your accuracy and damage with ranged weapons and melee attacks
   (+2).
   It affects your magic capacity (-9).
   It lets you turn invisible.
   It increases your rate of regeneration.
 p - the ring of the Final Decision (right hand) {rElec rN+ Str+9 Int-5}
   (You found it on level 5 of the Dungeon)

   [ring of positive energy]

   It affects your strength (+9).
   It affects your intelligence (-5).
   It insulates you from electricity.
   It protects you from negative energy.
Wands
 o - a wand of iceblast (1/15)
 A - a wand of heal wounds (5/9)
 C - a wand of teleportation (4/9)
 E - a wand of enslavement (16/24)
 K - a wand of enslavement (14/24)
 L - a wand of heal wounds (4/9)
 V - a wand of digging (13/24)
 Z - a wand of paralysis (7/24)
Scrolls
 e - 13 scrolls of remove curse
 m - 2 scrolls of amnesia
 r - 4 scrolls of identify
 u - 6 scrolls of blinking
 w - 14 scrolls of teleportation
 y - 2 scrolls of recharging
 D - 2 scrolls of fog
 F - a scroll of summoning
 H - a scroll of silence
 P - 2 scrolls of fear
 T - 4 scrolls of magic mapping
 X - a scroll of holy word
Potions
 d - 11 potions of haste
 g - 3 potions of cancellation
 j - a potion of magic
 z - 11 potions of curing
 G - 6 potions of agility
 J - 4 potions of heal wounds
 M - 6 potions of ambrosia
 N - 2 potions of invisibility
 O - 5 potions of flight
 Q - 5 potions of might
 R - a potion of cure mutation
Books
 l - a book of Ice

   Spells                             Type                      Level
   a - Ice Form                       Ice/Transmutation            4
   b - Metabolic Englaciation         Hexes/Ice                    5
   c - Ozocubu's Refrigeration        Ice                          6
   d - Bolt of Cold                   Conjuration/Ice              6
   e - Freezing Cloud                 Conjuration/Ice/Air          6
   f - Simulacrum                     Ice/Necromancy               6
Miscellaneous
 s - a phial of floods
 B - a fan of gales
 S - a sack of spiders
 U - a lamp of fire
 W - a box of beasts
Comestibles
 f - 2 royal jellies
 i - 12 bread rations
 q - 13 fruits
 x - 4 slices of pizza


   Skills:
 - Level 5.5 Fighting
 - Level 12.5 Short Blades
 - Level 21.2 Dodging
 - Level 24.1 Stealth
 - Level 7.3 Shields
 + Level 11.4 Spellcasting
 - Level 5.2 Hexes
 * Level 11.8 Charms
 - Level 2.8 Translocations
 + Level 1.4 Air Magic
 - Level 21.3 Evocations


You had 10 spell levels left.
You knew the following spells:

 Your Spells              Type           Power        Failure   Level  Hunger
a - Cause Fear            Hex            ####......   10%         4    ##.....
b - Tukima's Dance        Hex            ####....     2%          3    None
c - Confuse               Hex            ####....     2%          3    None
d - Conjure Flame         Conj/Fire      #.......     24%         3    None
e - Haste                 Chrm           #####...     12%         6    ######.
f - Blink                 Tloc           N/A          3%          2    None
g - Dazzling Spray        Conj/Hex       ###...       10%         3    None
r - Deflect Missiles      Chrm/Air       ####......   85%         6    ######.


Dungeon Overview and Level Annotations

Branches:
Dungeon (15/15)            Temple (1/1) D:5            Lair (6/6) D:10
 Shoals (4/4) Lair:2       Spider (4/4) Lair:3        Slime (2/5) Lair:6
    Orc (2/2) D:12            Elf (0/3) Orc:2        Vaults (4/5) D:14
  Crypt (0/3) Vaults:2     Depths (1/5) D:15

Altars:
Ashenzari
Cheibriados
Dithmenos
Elyvilon
Fedhas
Gozag
Hepliaklqana
Kikubaaqudgha
Makhleb
Nemelex Xobeh
Okawaru
Qazlal
Ru
Sif Muna
Trog
Uskayaw
Vehumet
Xom
Yredelemnul
Zin
The Shining One

Shops:
D:7 *   D:9 =   D:11 (*   Orc:1 :   Orc:2 *?}[   Lair:1 }(([   Shoals:4 (
Vaults:4 [

Portals:
Pandemonium: Orc:2

Annotations:
D:4 PurpleRed's ghost, amateur DEFE
Vaults:4 Bai Suzhen
Depths:1 Sojobo


Innate Abilities, Weirdness & Mutations

You are tiny and cannot use many weapons and most armour.
You have supernaturally acute eyesight. (SInv)
You are a herbivore.
You cover ground extremely quickly.
You need consume almost no food.
You have sharp toenails.
You are agile. (Dex +2)
Armour fits poorly on your strangely shaped body.


Message History

A battlesphere comes into view.
Your jumping spider completely misses the tengu reaver. x2
Something hits your jumping spider. Something freezes your jumping spider.
Something pecks your jumping spider but does no damage.
Something claws your jumping spider!
Your jumping spider dies!
Your jumping spider's corpse disappears in a puff of smoke!
There is an open door here.
You close the door.
You start resting.
There is an open door here.
You hit the tengu reaver.
The tengu reaver looks as sick as possible!
The tengu reaver blocks your attack.
The tengu reaver is almost dead.
The tengu reaver misses you. x2; You block the tengu reaver's attack.
Sojobo waves her feathered arms in wide circles.
The air twists around and strikes you!
You die...
Your body crumbles into a pile of gold.

#..#.......
#..#.......
#..#.......
#..####.###
#..####.#
#.Q...# .
#.*...# .
#.Q...#
##@####
#..## #.<.#
#...# #...#
#...+ #...#
#####


You could see Sojobo, a tengu reaver and a battlesphere.

Vanquished Creatures
  Nikola (Spider:3)
  Arachne (Spider:3)
  An Ice Fiend (IceCv)
  A lich (Vaults:3)
  2 acid blobs (Slime:1)
  Asterion (Spider:1)
  2 krakens
  Polyphemus (Shoals:4)
  Gastronok (Lair:2)
  Kirke (Lair:4)
  Ilsuiw (Shoals:4)
  A fire giant (Vaults:3)
  4 ghost moths (Spider:4)
  2 vault wardens (Vaults:4)
  4 emperor scorpions
  An orc warlord (Orc:2)
  Aizul (Shoals:1)
  2 stone giants
  3 ironheart preservers
  An entropy weaver (Spider:1)
  Nessos (D:13)
  6 merfolk javelineers (Shoals:4)
  3 spark wasps
  Snorg (D:12)
  A minotaur (Lab)
  A fire dragon (Vaults:1)
  Josephine (Lair:6)
  3 yaktaur captains
  6 ogre magi
  5 merfolk impalers (Shoals:4)
  5 hydras
  2 rakshasas
  An alligator snapping turtle (Shoals:4)
  A catoblepas (Shoals:4)
  4 merfolk avatars
  2 death knights
  7 centaur warriors
  2 death yaks (Shoals:4)
  3 merfolk aquamancers (Shoals:4)
  A deep troll shaman (Vaults:1)
  7 orc high priests (Orc:2)
  Sonja (D:11)
  Nergalle (Lair:3)
  A fire crab (shapeshifter) (D:14)
  3 shadow wraiths
  An infernal demonspawn (Orc:2)
  A skeletal warrior (D:14)
  A sixfirhy (Orc:2)
  4 deep trolls (Vaults:1)
  9 sea snakes
  2 torturous demonspawn (Orc:2)
  3 hill giants
  2 wizards
  2 sphinx zombies
  5 ironbrand convokers
  A putrid demonspawn (Orc:2)
  2 deep elf archers
  14 orb spiders
  Pikel (D:8)
  A necromancer (Vaults:1)
  12 orc knights
  21 ugly things
  14 griffons
  35 wolf spiders
  16 harpies
  2 deep elf magi (D:14)
  5 orc sorcerers
  8 cyclopes
  8 hornets
  2 human zombies
  4 fauns (Shoals:1)
  Joseph (Lair:1)
  6 elephants (Lair:3)
  2 manticores (Shoals:4)
  Maurice (D:10)
  3 water nymphs
  6 vault sentinels
  6 sirens
  11 spiny frogs
  8 black mambas
  8 centaur skeletons
  2 gargoyles
  A torpor snail (Lair:6)
  13 yaktaurs
  7 ice devils
  2 rime drakes (Shoals:1)
  A kobold demonologist (D:14)
  7 demonic crawlers
  3 anaconda simulacra (IceCv)
  5 komodo dragons
  6 freezing wraiths
  A red devil (Orc:2)
  3 golden dragon simulacra (IceCv)
  10 trolls
  18 merfolk
  6 meliai
  32 jumping spiders
  A troll (shapeshifter) (D:13)
  3 polar bears (Lair:6)
  A wolf spider simulacrum (IceCv)
  11 two-headed ogres
  A two-headed ogre (shapeshifter) (D:15)
  A queen bee (Spider:4)
  5 wind drakes
  A polar bear (shapeshifter) (Vaults:3)
  9 snapping turtles
  A boulder beetle (shapeshifter) (Vaults:4)
  Prince Ribbit (D:7)
  29 blink frogs
  A boulder beetle (Spider:1)
  20 slime creatures
  9 dream sheep
  6 wraiths
  58 redbacks
  12 spriggans
  2 shadows (D:13)
  A spriggan (shapeshifter) (Vaults:4)
  33 tarantellas
  A ynoxinul (Orc:2)
  2 dire elephant simulacra (IceCv)
  3 basilisks
  2 water elementals
  54 yaks
  A human (D:7)
  14 hippogriffs
  2 hungry ghosts
  7 hogs
  4 steam dragons
  7 wargs
  2 mottled dragons
  3 harpy simulacra (IceCv)
  3 hydra simulacra (IceCv)
  A soldier ant (D:14)
  12 water moccasins
  Duvessa (D:7)
  10 porcupines
  A sky beast (D:13)
  43 orc warriors
  An ettin simulacrum (IceCv)
  2 ice beasts
  2 black bears (Lair:6)
  5 phantoms
  An eye of draining (D:12)
  4 wasps
  9 boggarts
  36 ogres
  2 necrophages
  23 wolves
  14 centaurs
  18 crocodiles
  11 big kobolds
  A gnoll sergeant (D:9)
  14 giant frogs
  2 wyvern zombies
  Dowan (D:7)
  A wyvern skeleton (D:13)
  A boulder beetle zombie (Vaults:1)
  2 scorpions
  A human simulacrum (Vaults:1)
  26 killer bees
  3 howler monkeys
  4 electric eels (D:13)
  4 centaur zombies
  A wasp zombie (D:12)
  6 crimson imps
  2 giant frog zombies
  30 orc priests
  A draconian simulacrum (IceCv)
  Crazy Yiuf (D:7)
  3 hounds
  A giant frog skeleton (D:10)
  A gnoll shaman (D:9)
  6 jellies
  20 orc wizards
  10 iguanas
  Jessica (D:2)
  A polar bear simulacrum (IceCv)
  3 troll simulacra (IceCv)
  9 worker ants
  3 wolf simulacra (IceCv)
  A spriggan simulacrum (IceCv)
  A centaur simulacrum (IceCv)
  2 hound skeletons
  A worker ant zombie (D:10)
  10 gnolls
  A howler monkey skeleton (D:6)
  3 naga simulacra (IceCv)
  51 river rats
  12 adders
  2 shadow imps
  7 white imps
  5 ufetubi (IceCv)
  3 adder skeletons
  3 worms
  A dart slug (D:4)
  10 giant geckos
  85 orcs
  5 giant cockroaches
  6 goblins
  10 hobgoblins
  2 jackals (D:2)
  4 quokkas
  8 bats
  A giant cockroach zombie (D:6)
  2 giant newts (D:5)
  A jackal skeleton (D:8)
  32 kobolds
  A quokka zombie (D:5)
  8 rats
  A plant (D:10)
1391 creatures vanquished.

Vanquished Creatures (collateral kills)
  A sphinx (Vaults:2)
  A vault warden (Vaults:4)
  An ironheart preserver (Vaults:1)
  An entropy weaver (Vaults:2)
  An ettin (Vaults:3)
  A great orb of eyes (Vaults:4)
  A centaur warrior (Vaults:1)
  An ogre mage (Vaults:4)
  Urug (D:11)
  A sun demon (Orc:2)
  A deep elf knight (Vaults:1)
  2 wizards
  An ironbrand convoker (Vaults:3)
  A necromancer (Vaults:4)
  2 griffons
  12 ugly things
  A deep elf mage (Vaults:3)
  A freezing wraith (Vaults:4)
  3 yaktaurs
  2 human skeletons
  2 jumping spiders (Vaults:2)
  2 human simulacra
  5 slime creatures
  An ettin skeleton (Vaults:4)
  3 hogs (Lair:4)
  2 orc warriors (Vaults:3)
  4 wolves (Lair:4)
  An orc (Vaults:4)
56 creatures vanquished.

Vanquished Creatures (others)
  5 vault wardens
  A frost giant (Vaults:3)
  3 ironheart preservers
  2 yaktaur captains
  A merfolk aquamancer (Shoals:4)
  A death knight (Vaults:2)
  2 centaur warriors
  An ogre mage (Vaults:3)
  A vault sentinel (Vaults:4)
  3 wizards
  3 ironbrand convokers
  2 orc knights (Vaults:1)
  An ugly thing (Vaults:3)
  14 yaktaurs
  A merfolk (Shoals:4)
  A two-headed ogre (Vaults:3)
  4 ogres
  5 dream sheep (D:4)
  2 redbacks (Vaults:3)
  A dancing weapon (Vaults:3)
  2 orc warriors
  2 slaves (D:8)
  4 centaurs (Vaults:1)
  A hound (D:8)
  An orc priest (Vaults:1)
  5 orc wizards
  A white imp (IceCv)
  An ufetubus (Vaults:1)
  5 orcs
  6 kobolds
  2 fungi
  A plant (Shoals:4)
  20 tentacles
105 creatures vanquished.

Grand Total: 1552 creatures vanquished

Notes
Turn   | Place    | Note
-------+----------+-------------------------------------------
     0 | D:1      | TheGoonsmith the Spriggan Enchanter began the quest for the Orb.
     0 | D:1      | Reached XP level 1. HP: 9/9 MP: 5/5
   364 | D:1      | Reached XP level 2. HP: 13/13 MP: 6/6
  1417 | D:1      | Reached XP level 3. HP: 12/16 MP: 8/8
  1761 | D:2      | Found a blossoming altar of Fedhas.
  1763 | D:2      | Noticed Jessica
  1765 | D:2      | Killed Jessica
  1765 | D:2      | Reached skill level 5 in Stealth
  2277 | D:2      | Learned a level 3 spell: Tukima's Dance
  2281 | D:2      | Learned a level 3 spell: Confuse
  2331 | D:2      | Reached XP level 4. HP: 17/21 MP: 9/9
  2830 | D:2      | Found a snail-covered altar of Cheibriados.
  2882 | D:2      | Found a sparkling altar of Nemelex Xobeh.
  4092 | D:3      | Reached skill level 6 in Stealth
  4092 | D:3      | Reached XP level 5. HP: 24/24 MP: 10/10
  4258 | D:3      | Found a faded altar of an unknown god.
  4722 | D:4      | Found an iron altar of Okawaru.
  4724 | D:4      | Noticed a necrophage
  4996 | D:4      | Got a scorched graven amulet
  5076 | D:4      | Killed a necrophage
  5076 | D:4      | Reached skill level 5 in Dodging
  5076 | D:4      | Reached XP level 6. HP: 28/28 MP: 7/11
  5109 | D:4      | Reached skill level 5 in Short Blades
  5115 | D:4      | Noticed a dream sheep
  5115 | D:4      | Noticed a dream sheep
  5115 | D:4      | Noticed a dream sheep
  5115 | D:4      | Noticed a dream sheep
  5115 | D:4      | Noticed a dream sheep
  5115 | D:4      | Found a shimmering altar of Xom.
  5122 | D:4      | Killed a dream sheep
  5122 | D:4      | Killed a dream sheep
  5122 | D:4      | Killed a dream sheep
  5126 | D:4      | Killed a dream sheep
  5126 | D:4      | Killed a dream sheep
  5200 | D:4      | Noticed PurpleRed's ghost (amateur DEFE)
  5832 | D:5      | Entered Level 5 of the Dungeon
  5895 | D:5      | Found a staircase to the Ecumenical Temple.
  5904 | Temple   | Entered the Ecumenical Temple
  6144 | Temple   | Became a worshipper of Gozag Ym Sagoz the Greedy
  6631 | D:5      | Reached skill level 7 in Stealth
  6749 | D:5      | Got a scorched glass ring
  6788 | D:5      | Identified the amulet of Duitet {+Inv Regen+ MP-9 Dex+4 Slay+2} (You found it on level 4 of the Dungeon)
  6791 | D:5      | Identified the ring of the Final Decision {rElec rN+ Str+9 Int-5} (You found it on level 5 of the Dungeon)
  7016 | D:5      | Reached XP level 7. HP: 28/32 MP: 3/12
  7205 | D:5      | Found a shadowy altar of Dithmenos.
  7609 | D:6      | Reached skill level 8 in Stealth
  7820 | D:6      | Found a shattered altar of Ashenzari.
  8603 | D:7      | Reached skill level 5 in Spellcasting
  8612 | D:7      | Reached skill level 9 in Stealth
  8612 | D:7      | Reached XP level 8. HP: 36/36 MP: 5/17
  8652 | D:7      | Found Fosiebur's Elemental Accessories.
  8667 | D:7      | Noticed Duvessa
  8668 | D:7      | Noticed Dowan
  9027 | D:6      | Reached skill level 10 in Stealth
  9027 | D:6      | Reached skill level 5 in Hexes
  9157 | D:7      | Noticed Prince Ribbit
  9176 | D:7      | Killed Prince Ribbit
  9176 | D:7      | Reached skill level 11 in Stealth
  9176 | D:7      | Reached skill level 5 in Evocations
  9176 | D:7      | Reached XP level 9. HP: 39/39 MP: 4/19
  9340 | D:7      | Killed Duvessa
  9350 | D:7      | Killed Dowan
  9419 | D:7      | Found a runed door.
  9526 | D:7      | Noticed Crazy Yiuf
  9530 | D:7      | Killed Crazy Yiuf
  9748 | D:8      | Noticed Pikel
  9762 | D:8      | Killed Pikel
  9918 | D:8      | Reached skill level 12 in Stealth
 10698 | D:9      | Found Engyompu's Jewellery Shoppe.
 10698 | D:9      | Noticed a troll
 10700 | D:9      | Noticed a death knight
 10947 | D:9      | Killed a troll
 10947 | D:9      | Reached skill level 10 in Evocations
 11563 | D:9      | Learned a level 2 spell: Repel Missiles
 11588 | D:9      | Killed a death knight
 11588 | D:9      | Reached skill level 13 in Stealth
 11588 | D:9      | Reached XP level 10. HP: 44/44 MP: 8/20
 12290 | D:9      | Found a glowing silver altar of Zin.
 12479 | D:10     | Entered Level 10 of the Dungeon
 12551 | D:9      | Learned a level 3 spell: Conjure Flame
 12613 | D:9      | Learned a level 3 spell: Dazzling Spray
 12622 | D:10     | Noticed Maurice
 12642 | D:10     | Killed Maurice
 12642 | D:10     | Reached skill level 14 in Stealth
 12788 | D:10     | Found a staircase to the Lair.
 13087 | D:10     | Reached skill level 10 in Short Blades
 13150 | D:10     | Reached skill level 1 in Shields
 13179 | D:10     | Noticed a wizard
 13282 | D:10     | Killed a wizard
 13575 | Lair:1   | Entered Level 1 of the Lair of Beasts
 13610 | Lair:1   | Learned a level 2 spell: Blink
 13690 | Lair:1   | Noticed a spiny frog
 13694 | Lair:1   | Killed a spiny frog
 13694 | Lair:1   | Reached XP level 11. HP: 47/47 MP: 10/21
 13897 | Lair:1   | Upgraded the game from 0.19-a0-1532-g228a5d9 to 0.19-a0-1534-g03f6967
 14072 | Lair:1   | Noticed Joseph
 14079 | Lair:1   | Killed Joseph
 14149 | Lair:1   | Reached skill level 15 in Stealth
 15075 | Lair:2   | Noticed Gastronok
 15130 | Lair:2   | Reached skill level 5 in Shields
 15144 | Lair:2   | Killed Gastronok
 15144 | Lair:2   | Reached skill level 16 in Stealth
 15529 | Lair:2   | Found a staircase to the Shoals.
 15782 | Lair:3   | Noticed Nergalle
 15789 | Lair:3   | Killed Nergalle
 15862 | Lair:3   | Noticed a griffon
 15866 | Lair:3   | Reached XP level 12. HP: 51/51 MP: 22/22
 16235 | Lair:2   | Reached skill level 1 in Fighting
 16235 | Lair:2   | Reached skill level 17 in Stealth
 16614 | Lair:3   | Noticed an eight-headed hydra
 16645 | Lair:3   | Killed an eight-headed hydra
 17121 | Lair:3   | Found a hole to the Spider Nest.
 17614 | Lair:4   | Noticed a four-headed hydra
 17625 | Lair:4   | Killed a four-headed hydra
 17625 | Lair:4   | Reached skill level 5 in Fighting
 17625 | Lair:4   | Reached skill level 18 in Stealth
 17771 | Lair:4   | Noticed Kirke
 18169 | Lair:4   | Reached XP level 13. HP: 64/64 MP: 23/23
 18328 | Lair:4   | Noticed a sphinx
 18332 | Lair:4   | Killed Kirke
 19050 | Lair:5   | Upgraded the game from 0.19-a0-1534-g03f6967 to 0.19-a0-1540-g35a11b8
 19162 | Lair:5   | Reached skill level 10 in Dodging
 20013 | Lair:6   | Entered Level 6 of the Lair of Beasts
 20074 | Lair:6   | Found a labyrinth entrance.
 20083 | Lab      | Entered a labyrinth
 20198 | Lab      | Noticed a minotaur
 20218 | Lab      | Killed a minotaur
 20229 | Lab      | Identified the Catalogue of Boosting Lightness
 20229 | Lab      | Identified the Incunabulum of Confrontation
 20237 | Lab      | Got a fine iron ring
 20382 | Lair:1   | Identified the ring of Ystrotwu {Wiz rF+} (You found it in a labyrinth)
 20542 | Lair:6   | Noticed Josephine
 20556 | Lair:6   | Killed Josephine
 21593 | Lair:6   | Reached skill level 15 in Dodging
 21875 | Lair:6   | Found a staircase to the Slime Pits.
 22080 | Lair:6   | Identified the Tome of Ashen Orientation
 22419 | Lair:6   | Reached XP level 14. HP: 68/68 MP: 22/24
 23624 | Lair:1   | Bought a +2 rod of clouds (9/9) for 1200 gold pieces
 23730 | D:7      | Bought a phial of floods for 480 gold pieces
 23838 | Lair:1   | Learned a level 5 spell: Iskenderun's Battlesphere
 23840 | Lair:1   | Learned a level 1 spell: Magic Dart
 24297 | D:11     | Noticed Sonja
 24309 | D:11     | Killed Sonja
 24573 | D:11     | Found Caofriti's Weapon Boutique.
 24609 | D:11     | Noticed Urug
 24617 | D:11     | Killed Urug
 24680 | D:11     | Found Quirph Qikh's Assorted Antiques.
 24699 | D:11     | Bought a pearl ring for 115 gold pieces
 24699 | D:11     | Bought a scroll of magic mapping for 80 gold pieces
 24699 | D:11     | Bought an emerald potion for 20 gold pieces
 24699 | D:11     | Bought an embroidered robe for 16 gold pieces
 24699 | D:11     | Bought a glowing short sword for 69 gold pieces
 25464 | D:12     | Found a staircase to the Orcish Mines.
 25547 | D:12     | Noticed Snorg
 25554 | D:12     | Killed Snorg
 25647 | Orc:1    | Entered Level 1 of the Orcish Mines
 25832 | Orc:2    | Entered Level 2 of the Orcish Mines
 26152 | Orc:1    | Found Pecy's Book Emporium.
 26667 | Orc:2    | Found a staircase to the Elven Halls.
 26870 | Orc:2    | Noticed an orc warlord
 26886 | Orc:2    | Killed an orc warlord
 27091 | Orc:2    | Found Esui's General Store.
 27093 | Orc:2    | Found Kalybloc's Magic Scroll Shoppe.
 27817 | Orc:2    | Bought a scroll of identify for 26 gold pieces
 27817 | Orc:2    | Bought a scroll of enchant armour for 97 gold pieces
 27817 | Orc:2    | Bought 2 scrolls of teleportation for 78 gold pieces
 27817 | Orc:2    | Bought a scroll of enchant weapon for 97 gold pieces
 27817 | Orc:2    | Bought a scroll of blinking for 97 gold pieces
 27817 | Orc:2    | Bought a scroll of recharging for 123 gold pieces
 27825 | Orc:2    | Bought a scroll of teleportation for 33 gold pieces
 27825 | Orc:2    | Bought a wand of teleportation (4/9) for 264 gold pieces
 27825 | Orc:2    | Bought a scroll of identify for 22 gold pieces
 27825 | Orc:2    | Bought a scroll of identify for 22 gold pieces
 28079 | Orc:2    | Reached skill level 15 in Evocations
 28101 | Orc:2    | Reached XP level 15. HP: 45/72 MP: 23/27
 28338 | Orc:2    | Found Nyitet's Gadget Shop.
 28338 | Orc:2    | Found Tepuoh's Antique Armour Boutique.
 28340 | Orc:2    | Found a one-way gate leading to the halls of Pandemonium.
 28343 | Orc:2    | Bought a fan of gales for 680 gold pieces
 28343 | Orc:2    | Bought a wand of enslavement (14/24) for 272 gold pieces
 28595 | Lair:1   | Bought a crude rapier for 315 gold pieces
 28595 | Lair:1   | Identified the cursed +1 rapier of Propriety {elec, Dex+6} (You bought it in a shop on level 1 of the Lair of Beasts)
 29147 | D:13     | Noticed Nessos
 29154 | D:13     | Killed Nessos
 29794 | D:13     | Reached skill level 19 in Stealth
 30517 | D:14     | Found a gate to the Vaults.
 30886 | D:15     | Entered Level 15 of the Dungeon
 31487 | D:15     | Got a ripped robe
 31498 | D:15     | Identified the +1 robe of the Invisible Hand {rElec rCorr} (You found it on level 15 of the Dungeon)
 31823 | D:15     | Found a staircase to the Depths.
 32349 | Spider:1 | Entered Level 1 of the Spider Nest
 32379 | Spider:1 | Reached skill level 20 in Stealth
 32402 | Spider:1 | Reached XP level 16. HP: 77/77 MP: 29/29
 32595 | Spider:1 | Noticed Asterion
 32602 | Spider:1 | Killed Asterion
 33306 | Spider:2 | Found a frozen archway.
 33315 | IceCv    | Entered an ice cave
 34395 | IceCv    | Noticed an Ice Fiend
 35065 | IceCv    | Killed an Ice Fiend
 35401 | IceCv    | Identified the Disquisition on Air
 35782 | Spider:2 | Reached skill level 21 in Stealth
 36466 | Spider:3 | Noticed Arachne
 36472 | Spider:3 | Killed Arachne
 36513 | Spider:3 | Noticed Nikola
 36539 | Spider:3 | Killed Nikola
 36805 | Spider:4 | Entered Level 4 of the Spider Nest
 37431 | Spider:4 | Reached XP level 17. HP: 80/80 MP: 31/31
 37656 | Spider:4 | Reached skill level 22 in Stealth
 38793 | Spider:4 | Got a gossamer rune of Zot
 39329 | D:9      | Bought an uncursed ring of flight for 245 gold pieces
 39441 | Shoals:1 | Entered Level 1 of the Shoals
 39483 | Shoals:1 | Noticed Aizul
 39490 | Shoals:1 | Killed Aizul
 39959 | Shoals:1 | Noticed a kraken
 40016 | Shoals:1 | Killed a kraken
 40016 | Shoals:1 | Reached skill level 23 in Stealth
 41344 | Shoals:3 | Noticed a kraken
 41354 | Shoals:3 | Killed a kraken
 41766 | Shoals:4 | Entered Level 4 of the Shoals
 41766 | Shoals:4 | Found Vaocw's Antique Weapon Boutique.
 41768 | Shoals:4 | Noticed Ilsuiw
 41782 | Shoals:4 | Killed Ilsuiw
 41794 | Shoals:4 | Reached XP level 18. HP: 84/84 MP: 33/33
 42053 | Shoals:4 | Noticed Polyphemus
 42160 | Shoals:4 | Killed Polyphemus
 43210 | Shoals:4 | Reached skill level 24 in Stealth
 43226 | Shoals:4 | Got a barnacled rune of Zot
 43658 | Slime:1  | Entered Level 1 of the Pits of Slime
 43698 | Slime:1  | Gained mutation: You are agile. (Dex +2) [a shining eye]
 43705 | Slime:1  | Gained mutation: You have sharp toenails. [a shining eye]
 44098 | Lair:1   | Learned a level 4 spell: Cause Fear
 44105 | Lair:1   | Learned a level 6 spell: Haste
 44240 | Vaults:1 | Entered Level 1 of the Vaults
 44687 | Vaults:1 | Gained mutation: Armour fits poorly on your strangely shaped body. [mutagenic glow]
 45225 | Vaults:1 | Reached skill level 10 in Spellcasting
 45370 | Vaults:1 | Reached skill level 1 in Translocations
 45405 | Vaults:1 | Reached skill level 1 in Charms
 45997 | Vaults:2 | Found a staircase to the Crypt.
 46139 | Vaults:2 | Reached skill level 5 in Charms
 47090 | Vaults:2 | Reached XP level 19. HP: 88/88 MP: 34/34
 48637 | Vaults:3 | Reached skill level 10 in Charms
 48888 | Lair:1   | Learned a level 6 spell: Deflect Missiles
 49973 | Vaults:4 | Found Ceuprawate's Antique Armour Shop.
 49980 | Vaults:4 | Bought a runed cloak for 148 gold pieces
 49980 | Vaults:4 | Bought a shiny buckler for 148 gold pieces
 50092 | Vaults:4 | Noticed Bai Suzhen
 50326 | Vaults:4 | Reached skill level 1 in Air Magic
 50938 | Depths:1 | Entered Level 1 of the Depths
 50960 | Depths:1 | Noticed Sojobo
 51013 | Depths:1 | Killed from afar by Sojobo

Vault maps used:
D:1:      sevenhm_arrival_forest_fort_small_3, hangedman_decor_clover_reticule,
          dk_noncrumbling_2
D:2:      nicolae_overflow_crystal_walls, nicolae_overflow_hidden_temple,
          lemuel_coloured_pillars_altar, uniq_jessica
D:3:      ecumenical_altar_1, first_bread, minivault_19
D:4:      kb_xom_exploding_sheep, lemuel_crystal_altar
D:5:      kennysheep_mini_moat
D:6:      evilmike_ruin_ashenzari
D:7:      serial_curves, eino_curves_04, eino_curves_02, grunt_livestock,
          nicolae_elemental_shop, uniq_prince_ribbit1, uniq_duvessa,
          uniq_crazy_yiuf_cottage
D:8:      uniq_pikel
D:9:      zin_academy, serial_shops, shop, kb_rosetta
D:10:     dpeg_oklobed_lair, uniq_maurice
D:11:     serial_glass, glass_columns_a, glass_columns_c, glass_columns_c,
          glass_columns_a, glass_columns_a, glass_columns_b, glass_columns_c,
          glass_columns_c, glass_columns_a, glass_columns_c, serial_shops, shop,
          shop, uniq_urug, uniq_sonja
D:12:     orc_0_dummy, uniq_snorg
D:13:     kennysheep_windowed_halls, serial_bayou_lake_a, uniq_nessos
D:14:     hangedman_vaults_entry_quadrant_bands, nrook_mini_vaults, spider_trap
D:15:     grunt_enter_depths_snipers, minmay_misc_feat_ornament
Temple:   eino_temple_water
Lair:1:   uniq_joseph
Lair:2:   elwin_shoals_entry_rooms, uniq_gastronok
Lair:3:   dummy_spider_entry, grunt_megastairs_5, serial_bayou_shore_b,
          uniq_nergalle
Lair:4:   uniq_kirke
Lair:5:   lemuel_fruit_fields
Lair:6:   minmay_lair_end_enchanted_forest, minmay_slime_entry_pillars,
          lab_entry_generic, uniq_josephine
Shoals:1: nicolae_shoals_drake_roost, uniq_aizul
Shoals:3: cheibrodos_shoals_roost
Shoals:4: shoals_end_simple, shoal_ilsuiw, serial_shops,
          nicolae_shop_statue_plus, uniq_polyphemus, uniq_ilsuiw
Spider:1: uniq_asterion
Spider:2: nicolae_spider_mines_1, portal_ice_cave_entry_pillars_1
Spider:3: uniq_nikola, uniq_arachne
Spider:4: grunt_spider_rune_parallel, special_room
Slime:1:  nicolae_slime_phagocytosis
Slime:2:  basic_altar
Orc:1:    serial_shops, shop
Orc:2:    pf_orc_diabolical, nicolae_orc_rockfall
Vaults:1: hangedman_vaults_stretched_pinwheel,
          nicolae_vaults_inception_scallops, ontoclasm_vaults_misaligned,
          vaults_mumra_hex, ontoclasm_vaults_decontamination, st_diamondy,
          nicolae_vaults_border_crossing, v_misc_16, vaults_room_door_ring,
          grunt_vaults_trifunnel, grunt_vaults_swirl,
          ontoclasm_vaults_loading_screen, hangedman_vaults_restitches,
          v_misc_30, serial_ice_b
Vaults:2: grunt_vaults_hallway_long, blue_anna_dwarven_crypt,
          grunt_vaults_focal, nicolae_vaults_network_barrier,
          nicolae_vaults_diagonal_hallway_8, nicolae_vaults_theta,
          vaults_standard_mumra_lines, vaults_room_corners, serial_glass
Vaults:3: v_misc_18, nicolae_vaults_network_s, v_misc_4,
          nicolae_vaults_yaktaur_gun_rack, v_misc_19, vaults_dpeg_cross,
          vaults_room_semicircle, v_pattern_4, v_misc_19,
          nicolae_vaults_murderbox, v_misc_9, ontoclasm_vaults_loading_screen,
          nicolae_vaults_rhombus_5
Vaults:4: hangedman_vaults_unwind, vaults_room_large_hall,
          ontoclasm_vaults_bender, nicolae_vaults_network_square,
          nicolae_vaults_alarming, vaults_room_fours, hangedman_vaults_capsules,
          st_more_cells, ontoclasm_vaults_misaligned, nicolae_vaults_theta,
          v_misc_14, vaults_room_ringed_pool, v_misc_26,
          hangedman_vaults_impose, v_misc_13, serial_shops, shop,
          uniq_bai_suzhen
Depths:1: hell_entry, minmay_misc_feat_diagonals, serial_shops,
          bzr_entry_lakeside, door_vault, minmay_shoptagon, uniq_sojobo,
          uniq_enchantress
Lab:      labyrinth_glass_1, nicolae_lab_quarters, labyrinth_skeletal_remains,
          lab_statue
IceCv:    ice_cave_caverns_03

Skill      XL: |  1  2  3  4  5  6  7  8  9 10 11 12 13 14 15 16 17 18 19 |
---------------+----------------------------------------------------------+-----
Short Blades   | 2 3 4 6 7 10 12 | 12.5
Stealth        | 5 6 7 9 11 13 14 16 18 20 21 23 24 | 24.1
Dodging        | 4 5 7 15 16 18 20 21 | 21.2
Spellcasting   | 5 6 10 11 | 11.4
Hexes          | 5 |  5.2
Evocations     | 5 10 11 15 17 19 20 21 | 21.3
Shields        | 2 6 7 |  7.3
Fighting       | 5 |  5.5
Translocations | 2 |  2.8
Charms         | 7 11 | 11.8
Air Magic      | 1 |  1.4

Action                   |  1- 3 |  4- 6 |  7- 9 | 10-12 | 13-15 | 16-18 | 19-21 || total
-------------------------+-------+-------+-------+-------+-------+-------+-------++-------
Melee: Dagger            |   273 |   592 |   358 |   646 |  1066 |       |       ||  2935
       Short sword       |       |       |       |       |  1280 |  1836 |   333 ||  3449
       Kick              |       |       |       |       |       |   212 |   175 ||   387
Throw: Throwing net      |       |       |       |       |       |     1 |       ||     1
 Cast: Corona            |     8 |     4 |       |       |       |       |       ||    12
       Confuse           |       |    19 |    21 |    39 |    44 |       |     2 ||   125
       Tukima's Dance    |       |     3 |     4 |       |     2 |       |     3 ||    12
       Repel Missiles    |       |       |     1 |     1 |     1 |     1 |       ||     4
       Dazzling Spray    |       |       |       |     4 |    43 |       |       ||    47
       Conjure Flame     |       |       |       |       |       |     4 |       ||     4
Invok: Potion Petition   |       |       |     1 |       |       |       |       ||     1
       Call Merchant     |       |       |       |       |     4 |       |       ||     4
       Bribe Branch      |       |       |       |       |       |     1 |       ||     1
 Abil: Evoke Invisibilit |       |       |    10 |    18 |    34 |    32 |     2 ||    96
       Evoke Flight      |       |       |       |       |       |    18 |       ||    18
       Turn Visible      |       |       |       |       |       |     1 |       ||     1
Evoke: Wand              |       |       |     3 |    19 |    39 |    43 |     1 ||   105
       Sack of spiders   |       |       |       |     2 |     2 |       |     1 ||     5
       Rod               |       |       |       |       |       |     5 |       ||     5
       Lamp of fire      |       |       |       |       |       |     1 |       ||     1
       Box of beasts     |       |       |       |       |       |     1 |       ||     1
  Use: Scroll            |       |     9 |     7 |     6 |    23 |     9 |     4 ||    58
       Potion            |       |       |       |       |     2 |     1 |       ||     3
 Stab: Sleeping          |    11 |    12 |    14 |    45 |   117 |    85 |    16 ||   300
       Confused          |       |     4 |     5 |    21 |    22 |       |       ||    52
       Distracted        |       |       |     3 |     9 |    19 |    38 |     5 ||    74
       Invisible         |       |       |    19 |    72 |   158 |   175 |    15 ||   439
       Paralysed         |       |       |       |       |       |     1 |       ||     1
  Eat: Bread ration      |     1 |       |     2 |     2 |     3 |     2 |       ||    10
       Pizza             |       |     2 |       |     1 |     5 |     1 |     1 ||    10
       Fruit             |       |     2 |       |       |    12 |       |       ||    14
       Royal jelly       |       |       |     2 |       |       |    14 |     1 ||    17
Armor: Robe              |    18 |    43 |    23 |    25 |    87 |    95 |     4 ||   295
Dodge: Dodged            |   185 |   361 |   203 |   307 |   964 |  1239 |   120 ||  3379
       Deflected         |       |       |       |     1 |       |     5 |       ||     6
Block: Buckler           |       |       |       |   140 |   707 |   777 |    84 ||  1708
